AoeStats
← ajanderson120

Fortress

508546274Analyzed
4v4 RM · 11d ago on Sep 23, 2026· 43m 5s· 8 players
Game mode
Random Map
Map size
Huge
Population
200
Speed
Normal
Resources
Standard
Victory
Conquest
Starting age
Dark Age
Ending age
Imperial Age
RankedLock teamsTeams togetherTeam positionsShared explorationLock speedFull tech treeHidden civsTurbo modeCheats
Victory
Defeat
🇺🇸 Danes · United States
1335
+14
🇲🇽 Georgians · Mexico
1308
+15
🇨🇱 Saxons · Chile
1216
+18
🇺🇸 Koreans · United States
1201
+19
🇨🇦 Danes · Canada
1289
-17
🇵🇦 Spanish · Panama
1288
-17
🇨🇱 Varangians · Chile
1265
-16
🇦🇺 Saxons · Australia
1260
-16
Grey
8:58 Feudal Age
9:40 Double-Bit Axe
12:38 Castle Age
10:24 Loom
11:42 Horse Collar
15:24 Bow Saw
18:40 Heavy Plow
20:26 Gold Mining
20:29 Stone Mining
21:00 Squires
21:16 Scale Mail Armor
22:12 Wheelbarrow
22:04 Arson
22:40 Forging
24:33 Iron Casting
23:49 Fletching
24:15 Chain Mail Armor
24:46 Gold Shaft Mining
28:27 Imperial Age
26:37 Hand Cart
26:07 Town Watch
26:32 Bodkin Arrow
28:00 Town Patrol
28:56 Gambesons
29:39 Conscription
29:53 Caravan
30:27 Plate Mail Armor
29:58 Bracer
30:50 Ballistics
30:35 Elite Hearth Troop
30:43 Shield Wall
31:26 Man-at-Arms
35:47 Capped Ram
36:20 Pikeman
37:29 Siege Ram
37:42 Halberdier
39:25 Long Swordsman
41:36 Two-Handed Swordsman
rem1717
6:48 Feudal Age
10:35 Castle Age
9:19 Double-Bit Axe
9:17 Horse Collar
13:39 Bow Saw
14:17 Loom
16:35 Fervor
16:55 Heavy Plow
19:00 Town Watch
20:04 Wheelbarrow
19:41 Squires
19:27 Arson
24:36 Imperial Age
23:03 Hand Cart
22:53 Scale Mail Armor
22:36 Hamask
23:38 Forging
23:56 Chain Mail Armor
23:11 Pikeman
24:29 Caravan
26:37 Onager
29:47 Plate Mail Armor
29:53 Iron Casting
28:49 Northmen's Fury
29:50 Conscription
30:26 Siege Engineers
30:12 Heavy Scorpion
31:44 Siege Onager
33:08 Elite Varangian Guard
35:03 Town Patrol
36:42 Chemistry
36:02 Ballistics
36:58 Elite Jomsviking
York
6:42 Feudal Age
8:56 Loom
11:26 Castle Age
9:22 Double-Bit Axe
9:41 Horse Collar
13:26 Padded Archer Armor
16:33 Husbandry
21:31 Bloodlines
22:15 Leather Archer Armor
29:04 Wheelbarrow
28:43 Bow Saw
28:35 Stone Mining
29:15 Town Watch
30:33 Hand Cart
32:01 Town Patrol
33:57 Gold Mining
35:41 Murder Holes
35:56 Masonry
36:08 Ballistics
35:52 Heavy Plow
38:59 Imperial Age
36:34 Caravan
37:05 Fletching
37:29 Fortified Wall
38:08 Coinage
38:00 Bodkin Arrow
39:38 Elite Conquistador
40:41 Conscription
40:56 Ring Archer Armor
41:28 Two-Man Saw
Lucia Galan
8:09 Feudal Age
12:01 Castle Age
11:03 Horse Collar
11:16 Gold Mining
11:13 Double-Bit Axe
15:25 Town Watch
19:44 Wheelbarrow
18:55 Loom
22:17 Bow Saw
25:04 Imperial Age
23:05 Fletching
24:19 Forging
25:39 Iron Casting
25:37 Scale Barding Armor
27:41 Blast Furnace
27:38 Chain Barding Armor
28:56 Ballistics
31:07 Plate Barding Armor
33:45 Bodkin Arrow
34:26 Padded Archer Armor
33:49 Elite Skirmisher
36:17 Chemistry
36:10 Bracer
40:05 Leather Archer Armor
40:01 Heavy Mounted Crossbowman
40:02 Cranequins
42:34 Ring Archer Armor
ajanderson120
7:16 Feudal Age
8:28 Double-Bit Axe
8:45 Horse Collar
11:25 Loom
14:09 Castle Age
12:29 Gold Mining
12:59 Stone Mining
14:13 Crossbowman
15:06 Bow Saw
20:46 Heavy Plow
21:59 Town Watch
23:57 Gold Shaft Mining
25:09 Wheelbarrow
29:13 Imperial Age
28:11 Hand Cart
28:03 Thumb Ring
27:52 Fletching
28:49 Ballistics
28:46 Murder Holes
29:04 Fortified Wall
29:29 Eupseong
29:27 Bodkin Arrow
29:30 Arbalester
31:33 Chemistry
32:08 Treadmill Crane
32:39 Masonry
32:16 Arrowslits
32:44 Masonry
32:14 Treadmill Crane
33:20 Bracer
33:30 Forging
33:42 Conscription
35:21 Stone Shaft Mining
36:10 Two-Man Saw
36:02 Scale Mail Armor
36:34 Architecture
36:10 Siege Engineers
39:25 Guilds
39:46 Coinage
39:19 Caravan
39:37 Chain Mail Armor
39:57 Iron Casting
40:58 Scale Barding Armor
41:24 Plate Mail Armor
41:47 Husbandry
41:40 Light Cavalry
42:34 Hussar
.|.
7:33 Feudal Age
11:31 Castle Age
9:48 Double-Bit Axe
10:10 Horse Collar
13:30 Bow Saw
20:22 Ballistics
21:05 Wheelbarrow
20:43 Loom
21:14 Heavy Plow
21:47 Guard Tower
21:53 Murder Holes
22:09 Svan Towers
23:49 Gold Mining
27:23 Imperial Age
25:09 Hand Cart
24:46 Fletching
26:22 Stone Mining
26:45 Bodkin Arrow
27:01 Forging
26:57 Scale Barding Armor
27:08 Bloodlines
26:58 Husbandry
26:19 Light Cavalry
27:57 Masonry
29:23 Chemistry
28:59 Keep
28:10 Arrowslits
28:05 Treadmill Crane
28:23 Hussar
29:39 Iron Casting
29:06 Bracer
29:26 Chain Barding Armor
29:56 Conscription
29:49 Aznauri Cavalry
35:27 Blast Furnace
35:14 Town Watch
36:06 Plate Barding Armor
36:24 Padded Archer Armor
Treebeard49
7:57 Feudal Age
11:49 Castle Age
11:36 Double-Bit Axe
11:33 Horse Collar
13:36 Bow Saw
15:37 Wheelbarrow
16:24 Elite Skirmisher
20:47 Loom
25:23 Padded Archer Armor
27:16 Fletching
30:52 Heavy Plow
32:07 Hand Cart
43:14 Imperial Age
42:02 Caravan
matias98ish
9:07 Feudal Age
9:44 Loom
9:47 Double-Bit Axe
10:05 Horse Collar
13:03 Castle Age
12:21 Gold Mining
14:05 Heavy Plow
14:16 Bow Saw
15:28 Clerical Recruitment
20:29 Fletching
22:24 Gold Shaft Mining
22:26 Padded Archer Armor
23:12 Wheelbarrow
27:02 Imperial Age
25:01 Scale Mail Armor
25:29 Hand Cart
25:45 Gambesons
26:34 Arson
27:06 Chain Mail Armor
27:28 Forging
29:22 Two-Man Saw
28:29 Elite Varangian Guard
29:30 Shield Wall
30:07 Pikeman
30:49 Squires
31:25 Plate Mail Armor
31:36 Iron Casting
32:00 Conscription
31:45 Halberdier
35:34 Stone Mining
36:30 Capped Ram
36:58 Man-at-Arms
40:34 Siege Ram
43:08 Crop Rotation
Connection lost

Rejoining the realm…

Still unreachable

The connection could not be restored.

Session expired

The server has moved on; the page needs a fresh start.